 Dungeon Crawl Stone Soup version 0.30-a0-948-g4fa250aae5 (webtiles) character file.

Game seed: 15313772584618724824

102 PLAYERX the Chiller (level 4, 0/32 HPs)
             Began as a Gnoll Wanderer on Mar 26, 2023.
             Slain by Grinder (2 damage)
             ... on level 3 of the Dungeon.
             The game lasted 00:13:14 (3213 turns).

PLAYERX the Chiller (Gnoll Wanderer)                Turns: 3213, Time: 00:13:14

Health: 0/32       AC: 11    Str: 11    XL:     4   Next: 77%
Magic:  0/8        EV:  2    Int: 14    God:
Gold:   163        SH:  0    Dex: 11    Spells: 9/9 levels left

rFire   . . .      SeeInvis .    a - +0 trident
rCold   . . .      Faith    .    (no shield)
rNeg    . . .      Spirit   +    b - +0 plate armour
rPois   .          Reflect  .    (no helmet)
rElec   .          Rampage  .    (no cloak)
rCorr   .                        (no gloves)
Will    .....                    d - +0 pair of boots Stlth
                                 q - amulet of guardian spirit
HPRegen 0.25/turn                (no ring)
MPRegen 0.11/turn                (no ring)

@: no status effects
A: fangs 1, strong nose, distributed training
a: no special abilities


You were on level 3 of the Dungeon.
You visited 1 branch of the dungeon, and saw 3 of its levels.

You collected 163 gold pieces.

Inventory:

Hand Weapons
 a - a +0 trident (weapon)
Missiles
 s - 2 poisoned darts (quivered)
Armour
 b - a +0 plate armour (worn)
 d - a +0 pair of boots (worn)
Jewellery
 q - an amulet of guardian spirit (around neck)
Scrolls
 e - a scroll of immolation {unknown}
 f - a scroll of noise {unknown}
 g - 4 scrolls of identify {unknown}
 i - 2 scrolls of blinking {unknown}
 j - 4 scrolls of fear {unknown}
 k - a scroll of enchant armour {unknown}
 n - a scroll of poison {unknown}
 r - 2 scrolls of teleportation {unknown}
 t - a scroll of butterflies {unknown}
Potions
 l - a potion of degeneration {unknown}
 m - a potion of attraction {unknown}
 o - a potion of lignification {unknown}
 p - a potion of might {unknown}
 u - a potion of flight {unknown}


   Skills:
 + Level 1.3 Fighting
 + Level 1.3 Short Blades
 + Level 1.3 Long Blades
 + Level 1.3 Axes
 + Level 1.3 Maces & Flails
 + Level 1.3 Polearms
 + Level 1.3 Staves
 + Level 1.3 Ranged Weapons
 + Level 1.3 Throwing
 + Level 1.3 Armour
 + Level 4.7 Dodging
 + Level 2.6 Stealth
 + Level 1.3 Shields
 + Level 1.3 Unarmed Combat
 + Level 3.1 Spellcasting
 + Level 1.0 Conjurations
 + Level 1.0 Hexes
 + Level 1.0 Summonings
 + Level 1.0 Necromancy
 + Level 1.0 Translocations
 + Level 1.0 Transmutations
 + Level 3.9 Fire Magic
 + Level 5.5 Ice Magic
 + Level 1.0 Air Magic
 + Level 1.0 Earth Magic
 + Level 1.0 Poison Magic
 + Level 3.0 Invocations
 + Level 1.3 Evocations


You had 9 spell levels left.
You didn't know any spells.
Your spell library contained the following spells:

 Spells                   Type           Power      Damage    Failure   Level
 Foxfire                  Conj/Fire      36%        2x1d5     100%        1
 Freeze                   Ice            68%        1d8       100%        1
 Cigotuvi's Dreadful Rot  Necr/Pois/Air  10%        N/A       100%        2
 Hailstorm                Conj/Ice       11%        3d5       100%        3
 Kindle Blastsparks       Fire/Tloc/Air  14%        2d11      100%        3
 Ozocubu's Armour         Ice            17%        N/A       100%        3
 Animate Dead             Necr           5%         N/A       100%        4
 Dispel Undead            Necr           5%         3d7       100%        4
 Ice Form                 Ice/Tmut       11%        N/A       100%        4
 Metabolic Englaciation   Hex/Ice        5%         N/A       100%        5
 Death Channel            Necr           2%         N/A       100%        6
 Statue Form              Tmut/Erth      3%         N/A       100%        6
 Haunt                    Necr/Summ      2%         N/A       100%        7
 Infestation              Necr           2%         N/A       100%        8


Dungeon Overview and Level Annotations

Branches:
Dungeon (3/15)

Altars:

Annotations:
D:3 Grinder


Innate Abilities, Weirdness & Mutations

You have very sharp teeth.
Your uncanny sense of smell can sniff out nearby items.
Your experience applies equally to all skills.


Message History

Your extra speed is starting to run out.
You feel yourself slow down.
You start resting.
Grinder is nearby!
You reach to attack!
You hit Grinder.
Grinder is lightly wounded.
Grinder hits you but does no damage.
You hit Grinder. Your bite misses Grinder.
Grinder is lightly wounded.
Grinder hits you.
You writhe in agony.
You are too injured to fight recklessly!
You hit Grinder but do no damage.
Grinder is lightly wounded.
Grinder hits you.
* * * LOW HITPOINT WARNING * * *
You writhe in agony.
* * * LOW HITPOINT WARNING * * *
You hit Grinder.
Grinder is moderately wounded.
Grinder hits you.
You writhe in agony.
* * * LOW HITPOINT WARNING * * *
You feel better. Grinder hits you but does no damage.
You hit Grinder but do no damage.
Grinder is moderately wounded.
Grinder hits you but does no damage.
You hit Grinder.
Grinder is moderately wounded.
Grinder hits you but does no damage. Grinder gestures at you.
Pain shoots through your body!
* * * LOW HITPOINT WARNING * * *
You hit Grinder.
Grinder is heavily wounded.
Grinder hits you but does no damage.
You hit Grinder but do no damage.
Grinder is heavily wounded.
Grinder hits you.
* * * LOW HITPOINT WARNING * * *
You writhe in agony.
You die...

#.###.#######.###...
#5# #.# #.# #.## #.#
#.# #.# #.## #.# #.#
#.# #.## #.# #.# #.#
#.#. #.# #.#
#.###... #.# #.#
#....... #.###.#
#####.## #.5@..#
#.## #.##### #...
### ####


You could see Grinder.

Vanquished Creatures
  3 gnolls
  An adder (D:2)
  4 dart slugs
  3 orcs
  4 ball pythons
  3 endoplasms
  A giant cockroach (D:1)
  7 goblins
  3 hobgoblins (D:3)
  5 jackals
  6 kobolds
  2 quokkas
  6 bats
  2 frilled lizards
50 creatures vanquished.

Notes
Turn   | Place    | Note
-------+----------+-------------------------------------------
     0 | D:1      | PLAYERX the Gnoll Wanderer began the quest for the Orb.
     0 | D:1      | PLAYERX set off with the following items: a +0 dagger, a
                  | potion of curing, a +0 robe, a +0 pair of boots; and the
                  | following spells available to memorise: Freeze, Ozocubu's
                  | Armour, Foxfire, Hailstorm, Kindle Blastsparks.
     0 | D:1      | Reached XP level 1. HP: 13/13 MP: 4/4
   205 | D:1      | Reached XP level 2. HP: 13/19 MP: 5/5
   466 | D:1      | Found a faded altar of an unknown god.
  1078 | D:2      | Reached XP level 3. HP: 12/25 MP: 7/7
  1456 | D:2      | Reached skill level 1 in Fighting
  1456 | D:2      | Reached skill level 1 in Short Blades
  1456 | D:2      | Reached skill level 1 in Long Blades
  1456 | D:2      | Reached skill level 1 in Axes
  1456 | D:2      | Reached skill level 1 in Maces & Flails
  1456 | D:2      | Reached skill level 1 in Polearms
  1456 | D:2      | Reached skill level 1 in Staves
  1456 | D:2      | Reached skill level 1 in Ranged Weapons
  1456 | D:2      | Reached skill level 1 in Throwing
  1456 | D:2      | Reached skill level 1 in Armour
  1456 | D:2      | Reached skill level 1 in Shields
  1456 | D:2      | Reached skill level 1 in Unarmed Combat
  1456 | D:2      | Reached skill level 1 in Evocations
  1548 | D:2      | Got the Papyrus of the Nival Fault
  1819 | D:3      | Reached XP level 4. HP: 27/32 MP: 8/8
  2747 | D:3      | Reached skill level 1 in Conjurations
  2747 | D:3      | Reached skill level 1 in Hexes
  2747 | D:3      | Reached skill level 1 in Summonings
  2747 | D:3      | Reached skill level 1 in Necromancy
  2747 | D:3      | Reached skill level 1 in Translocations
  2747 | D:3      | Reached skill level 1 in Transmutations
  2747 | D:3      | Reached skill level 1 in Air Magic
  2747 | D:3      | Reached skill level 1 in Earth Magic
  2747 | D:3      | Reached skill level 1 in Poison Magic
  3131 | D:3      | Noticed Grinder
  3136 | D:3      | Paralysed by Grinder for 4 turns
  3146 | D:3      | Paralysed by Grinder for 4 turns
  3213 | D:3      | Slain by Grinder

Illustrated notes

Levels and vault maps discovered:
D:1:      lightli_arrival_maybe_door_vault, layout_loops_ring,
          shapermc_ecumenical_altar_notcrosses
D:2:      layout_rooms, minmay_pentomino_v2
D:3:      layout_basic, uniq_grinder

Skill      XL: |  1  2  3  4 |
---------------+-------------+-----
Fighting       | 1 |  1.3
Short Blades   | 1 |  1.3
Long Blades    | 1 |  1.3
Axes           | 1 |  1.3
Maces & Flails | 1 |  1.3
Polearms       | 1 |  1.3
Staves         | 1 |  1.3
Ranged Weapons | 1 |  1.3
Throwing       | 1 |  1.3
Armour         | 1 |  1.3
Shields        | 1 |  1.3
Unarmed Combat | 1 |  1.3
Evocations     | 1 |  1.3
Spellcasting   | 3 |  3.1
Conjurations   | 1 |  1.0
Hexes          | 1 |  1.0
Summonings     | 1 |  1.0
Necromancy     | 1 |  1.0
Translocations | 1 |  1.0
Transmutations | 1 |  1.0
Air Magic      | 1 |  1.0
Earth Magic    | 1 |  1.0
Poison Magic   | 1 |  1.0
Invocations    | 3 |  3.0
Dodging        | |  4.7
Stealth        | |  2.6
Fire Magic     | |  3.9
Ice Magic      | |  5.5

Action                     |  1- 3 |  4- 6 || total
---------------------------+-------+-------++-------
  Melee: Dagger            |   151 |       ||   151
         Bite              |    14 |     9 ||    23
         Punch             |     2 |     1 ||     3
         Trident           |    29 |    80 ||   109
  Throw: Dart              |       |     7 ||     7
    Use: Potion            |       |     3 ||     3
   Stab: Sleeping          |     3 |       ||     3
 Armour: Robe              |    14 |       ||    14
         Plate armour      |   149 |    64 ||   213
  Dodge: Dodged            |    49 |     9 ||    58

Table legend: (Time is in decaauts)
 A = Elapsed time spent in this place.
 B = Non-inter-level travel time spent in this place.
 C = Inter-level travel time spent in this place.
 D = Time resting spent in this place.
 E = Time spent auto-exploring this place.
 F = Levels seen in this place.
 G = Mean time per level.
                   A        B        C        D        E       F      G
               +--------+--------+--------+--------+--------+-----+--------+
         Total |   3205 |   3205 |      0 |    957 |   1112 |   3 | 1068.3 |
       Dungeon |   3205 |   3205 |      0 |    957 |   1112 |   3 | 1068.3 |
               +--------+--------+--------+--------+--------+-----+--------+

Top non-repeatable levels by time:
     D:2: 1451 daAuts
     D:1: 1062 daAuts
     D:3: 692 daAuts
